 Dungeon Crawl Stone Soup version 0.21.1-1-g345015fe64 (webtiles) character file.

51 Knicklaso the Grave Robber (level 3, -1/28 HPs)
             Began as a Hill Orc Necromancer on Apr 24, 2018.
             Slain by an orc wizard
             ... wielding a +0 dagger
              (4 damage)
             ... on level 3 of the Dungeon.
             The game lasted 00:08:04 (2100 turns).

Knicklaso the Grave Robber (Hill Orc Necromancer)   Turns: 2100, Time: 00:08:04

Health: -1/28      AC:  4    Str: 10    XL:     3   Next: 81%
Magic:  6/6        EV: 11    Int: 16    God:
Gold:   102        SH:  3    Dex: 11    Spells: 4/6 levels left

rFire    . . .     SeeInvis .   a - +0 short sword (venom)
rCold    . . .     Gourm    .   t - +0 buckler
rNeg     . . .     Faith    .   m - +0 robe
rPois    .         Spirit   .   r - +1 helmet
rElec    .         Reflect  .   (no cloak)
rCorr    .         Harm     .   (no gloves)
MR       .....                  (no boots)
Stlth    ++........             (no amulet)
HPRegen  0.09/turn              (no ring)
MPRegen  0.10/turn              (no ring)

@: no status effects
A: no striking features
a: no special abilities


You were on level 3 of the Dungeon.
You were not hungry.

You visited 1 branch of the dungeon, and saw 3 of its levels.

You collected 102 gold pieces.

Inventory:

Hand Weapons
 a - a +0 short sword of venom (weapon)
 b - a +0 hunting sling
 q - a +1 dagger of draining
Missiles
 s - 9 sling bullets
Armour
 m - a +0 robe (worn)
 r - a +1 helmet (worn)
 t - a +0 buckler (worn)
Scrolls
 d - a scroll of fear {unknown}
 h - 2 scrolls of teleportation {unknown}
 i - 3 scrolls of identify {unknown}
 j - a scroll of immolation {unknown}
 l - 4 scrolls of remove curse {unknown}
 o - a scroll of enchant armour {unknown}
Potions
 e - 2 potions of brilliance {unknown}
 f - a potion of haste {unknown}
 g - a potion of invisibility {unknown}
 n - a potion of heal wounds {unknown}
Books
 p - a book of Necromancy

   Spells                             Type                      Level
   a - Pain                           Necromancy                   1
   b - Animate Skeleton               Necromancy                   1
   c - Vampiric Draining              Necromancy                   3
   d - Regeneration                   Charms/Necromancy            3
   e - Animate Dead                   Necromancy                   4
   f - Borgnjor's Vile Clutch         Necromancy/Earth             5
Comestibles
 c - 4 rations
 k - 4 chunks of flesh


   Skills:
 - Level 1.5 Fighting
 - Level 1.5 Dodging
 - Level 1.5 Stealth
 + Level 0.8 Shields
 - Level 2.0 Spellcasting
 - Level 4.6 Necromancy


You had 4 spell levels left.
You knew the following spells:

 Your Spells              Type           Power        Failure   Level  Hunger
a - Pain                  Necr           ###.         4%          1    #......
b - Animate Skeleton      Necr           N/A          4%          1    #......


Dungeon Overview and Level Annotations

Branches:
Dungeon (3/15)

Altars:

Annotations:
D:3 Norrik's ghost, amateur MiMo


Message History

The goblin barely misses you.
The orc wizard mumbles some strange words.
The orc wizard seems to speed up.
You kill the goblin!
The orc wizard gestures at you while chanting.
The puff of flame hits you!
* * * LOW HITPOINT WARNING * * *
The orc wizard looks braver for a moment.
The orc wizard gestures at you while chanting.
The puff of flame misses you.
Okay, then.
You closely miss the orc wizard. The orc wizard hits you with a dagger.
* * * LOW HITPOINT WARNING * * *
The orc wizard looks satisfied for a moment.
The orc wizard hits you with a dagger.
* * * LOW HITPOINT WARNING * * *
You hit the orc wizard.
The orc wizard is moderately wounded.
The orc wizard hits you with a dagger.
You die...

#.# .# #.##.# #
#.##.#.#####
#....#.....
.#########.#......###
..........[...#......
...........)#.....#..
..######...).).......
#...@oo##.#.#####.
#.####.##.#)# #.#
####.#.# #.# #.#.#
#.# #.#.# #.# #.#.#
#.# #.#..
########.####### ###
#......#.......#


You could see an orc wizard and an orc.

Vanquished Creatures
  2 worms (D:2)
  A leopard gecko (D:3)
  4 orcs (D:3)
  A ball python (D:1)
  6 bats
  A giant cockroach (D:2)
  6 goblins
  2 hobgoblins
  5 kobolds
  2 quokkas
  A frilled lizard (D:3)
  6 rats
37 creatures vanquished.

Vanquished Creatures (collateral kills)
  A goblin (D:1)
1 creature vanquished.

Grand Total: 38 creatures vanquished

Notes
Turn   | Place    | Note
-------+----------+-------------------------------------------
     0 | D:1      | Knicklaso the Hill Orc Necromancer began the quest for the Orb.
     0 | D:1      | Reached XP level 1. HP: 14/14 MP: 3/3
    18 | D:1      | Learned a level 1 spell: Animate Skeleton
   233 | D:1      | Reached XP level 2. HP: 20/22 MP: 4/4
   510 | D:1      | Reached skill level 1 in Fighting
  1225 | D:2      | Reached XP level 3. HP: 27/28 MP: 2/5
  1827 | D:3      | Noticed Norrik's ghost (amateur MiMo)
  2100 | D:3      | Slain by an orc wizard

Skill      XL: |  1  2  3 |
---------------+----------+-----
Fighting       | 1 |  1.5
Spellcasting   | 2 |  2.0
Dodging        | |  1.5
Stealth        | |  1.5
Shields        | |  0.8
Necromancy     | |  4.6

Action                   || total
-------------------------++-------
Melee: Short sword       ||    46
       Dagger            ||     1
 Fire: Hunting sling     ||    29
 Cast: Pain              ||    30
       Animate Skeleton  ||    10
  Eat: Chunk             ||     5
Armor: Robe              ||    16
Dodge: Dodged            ||    39
Block: Buckler           ||     2
